 Dungeon Crawl Stone Soup version 0.30-a0-1160-g6e42c06551 (webtiles) character file.

Game seed: 15110917023175613183

39 cheesebisquit the Shield-Bearer (level 3, 36/36 HPs)
             Began as a Troll Fighter on Apr 25, 2023.
             Quit the game on level 1 of the Dungeon.
             The game lasted 00:03:01 (887 turns).

cheesebisquit the Shield-Bearer (Troll Fighter)      Turns: 887, Time: 00:03:02

Health: 36/36      AC:  4    Str: 26    XL:     3   Next: 26%
Magic:  2/2        EV:  9    Int:  4    God:
Gold:   66         SH:  7    Dex:  9    Spells: 2/2 levels left

rFire   . .          .
                       - Unarmed
rCold   . . .        b - +0 kite shield
rNeg    . . .        a - +0 robe
rPois   .            (helmet restricted)
rElec   .            (no cloak)
rCorr   .            (gloves unavailable)
SInv    .            (boots unavailable)
Will    .....        (no amulet)
Stlth   +            (no ring)
HPRegen 1.06/turn    (no ring)
MPRegen 0.08/turn

%: no passive effects
@: no status effects
A: large, unfitting armour, claws 3, regeneration 1, shaggy fur 1, tough skin 1
a: no special abilities


You were on level 1 of the Dungeon.
You visited 1 branch of the dungeon, and saw 2 of its levels.

You collected 66 gold pieces.

Inventory:

Armour
 a - a +0 robe (worn)
 b - a +0 kite shield (worn)
Scrolls
 d - a scroll of enchant weapon {unknown}
 e - a scroll of fog {unknown}
Potions
 c - a potion of might
 f - a potion of curing {unknown}
 g - a potion of heal wounds {unknown}
 h - 2 potions of haste {unknown}
 i - a potion of mutation {unknown}


   Skills:
 + Level 2.6 Fighting
 + Level 0.5 Armour
 + Level 2.7 Dodging
 + Level 2.9 Shields
 * Level 2.7 Unarmed Combat


You had 2 spell levels left.
You didn't know any spells.
Your spell library was empty.

Dungeon Overview and Level Annotations

Branches:
Dungeon (2/15)

Altars:

Shops:
D:2 !


Innate Abilities, Weirdness & Mutations

You are too large for most types of armour.
You have claws for hands.
Your natural rate of healing is unusually fast.
You are covered in fur. (AC +1)
You have tough skin. (AC +1)


Message History

You scratch the ball python.
The ball python is severely wounded.
The ball python barely misses you. You block the ball python's attack.
You scratch the ball python.
You kill the ball python!
You scratch the hobgoblin.
The hobgoblin is heavily wounded.
You block the hobgoblin's attack.
You barely miss the hobgoblin.
The hobgoblin is heavily wounded.
The hobgoblin hits you.
You barely miss the hobgoblin.
The hobgoblin is heavily wounded.
The hobgoblin hits you.
You barely miss the hobgoblin.
The hobgoblin is heavily wounded.
The hobgoblin hits you but does no damage.
You closely miss the hobgoblin.
The hobgoblin is heavily wounded.
The hobgoblin barely misses you.
You scratch the hobgoblin but do no damage.
The hobgoblin is heavily wounded.
The hobgoblin hits you but does no damage.
You claw the hobgoblin!
You kill the hobgoblin!
No target in view!
No target in view!
No target in view!
HP restored.
You see here a ball python corpse.
Found an escape hatch in the ceiling.
Found Ongif's Distillery.
Found a stone staircase leading down.
h - 2 sedimented blue potions (gained 1)
There are no items here.
Found a scroll labelled JIACEU ECREJ.
An adder comes into view.
The adder hisses angrily.
There is an escape hatch in the ceiling here.
A mysterious force pulls you upwards. The hatch slams shut behind you.
Are you sure you want to abandon this character and quit the game? (Confirm with "yes".)

.# #.#####.###.##..########......
.# #.#.(.......#.............###.
.###.#.###.#####...########......
...........# #...# #######
....>..#########...# #
##.................# #
#.#.######........# # #)#.#
#.....)....## ########## #.#.#
#>#.÷.)..@.# #......... #.#.#
#>#........# #.######## ##.#.#
#.#........# #.#
#....###.##.....#)######.#
#.#....#.###....#........#
#......#.# ####.#.########
#####..#.# #.#.# #..#.######.#.#
#..#...†......#


There were no monsters in sight!

Vanquished Creatures
  A dart slug (D:1)
  3 endoplasms (D:1)
  2 giant cockroaches (D:1)
  3 goblins (D:1)
  3 hobgoblins
  5 kobolds
  6 ball pythons
  3 bats
  5 frilled lizards (D:1)
  4 rats (D:1)
35 creatures vanquished.

Notes
Turn   | Place    | Note
-------+----------+-------------------------------------------
     0 | D:1      | cheesebisquit the Troll Fighter began the quest for the
                  | Orb.
     0 | D:1      | Reached XP level 1. HP: 22/22 MP: 0/0
   203 | D:1      | Reached XP level 2. HP: 29/29 MP: 1/1
   423 | D:1      | Found a faded altar of an unknown god.
   531 | D:1      | Reached XP level 3. HP: 36/36 MP: 2/2
   877 | D:2      | Found Ongif's Distillery.
   887 | D:1      | Quit the game

Illustrated notes

Levels and vault maps discovered:
D:1:      amcnicky_arrival_single_pillar, layout_loops_ring,
          hellmonk_ecumenical_altar_pennies_from_heaven, minmay_misc_feat_rugged
D:2:      layout_basic, serial_shops, shop, serial_glass, glass_columns_b,
          glass_columns_c

Action                     || total
---------------------------++-------
  Melee: Unarmed           ||    89
   Stab: Sleeping          ||     2
 Armour: Robe              ||    25
  Dodge: Dodged            ||    26
  Block: Kite shield       ||    30

Table legend: (Time is in decaauts)
 A = Elapsed time spent in this place.
 B = Non-inter-level travel time spent in this place.
 C = Inter-level travel time spent in this place.
 D = Time resting spent in this place.
 E = Time spent auto-exploring this place.
 F = Levels seen in this place.
 G = Mean time per level.
                   A        B        C        D        E       F      G
               +--------+--------+--------+--------+--------+-----+--------+
         Total |    894 |    831 |     63 |      0 |    625 |   2 |  447.0 |
       Dungeon |    894 |    831 |     63 |      0 |    625 |   2 |  447.0 |
               +--------+--------+--------+--------+--------+-----+--------+

Top non-repeatable levels by time:
     D:1: 840 daAuts
     D:2: 53 daAuts
